 Dungeon Crawl Stone Soup version 0.27-a0-1548-gf8a67e7463 (webtiles) character file.

Game seed: 15199693076093575876

28 lunkers the Insei (level 3, 0/28 HPs)
             Began as a Djinni Warper on July 14, 2021.
             Slain by a bat (1 damage)
             ... on level 1 of the Dungeon.
             The game lasted 00:01:36 (1928 turns).

lunkers the Insei (Djinni Warper)                   Turns: 1928, Time: 00:01:37

Health: 0/28       AC:  4    Str: 10    XL:     3   Next: 30%
Gold:   36         EV: 11    Int: 15    God:
                   SH:  0    Dex: 12

rFire    + + .     SeeInvis .     - Unarmed
rCold    x . .     Faith    .   (no shield)
rNeg     . . .     Spirit   .   a - +0 leather armour
rPois    ∞         Reflect  .   (no helmet)
rElec    .         Harm     .   m - +0 cloak
rCorr    .         Rampage  .   (no gloves)
Will     .....                  (boots unavailable)
Stlth    +.........             (no amulet)
HPRegen  0.09/turn              (no ring)
MPRegen  0.00/turn              (no ring)

@: flying
A: sickness immunity, fire resistance 2, cold vulnerability 1, float, innate
caster, hp casting, extra vitality 1
a: no special abilities


You were on level 1 of the Dungeon.
You visited 1 branch of the dungeon, and saw 2 of its levels.

You collected 36 gold pieces.

Inventory:

Missiles
 c - 5 boomerangs of dispersal
Armour
 a - a +0 leather armour (worn)
 m - a +0 cloak (worn)
Jewellery
 i - a ring of see invisible
Scrolls
 b - a scroll of blinking
 d - a scroll of teleportation {unknown}
 e - 2 scrolls of identify {unknown}
 g - a scroll of enchant weapon {unknown}
 j - a scroll of holy word {unknown}
 k - a scroll of magic mapping {unknown}
Potions
 f - 2 potions of might {unknown}
 h - a potion of resistance {unknown}
 l - a potion of lignification {unknown}
 n - a potion of invisibility {unknown}


   Skills:
 - Level 2.0 Fighting
 - Level 0.7 Throwing
 - Level 1.0 Armour
 - Level 2.1 Dodging
 * Level 3.5 Unarmed Combat
 - Level 2.4 Spellcasting


You couldn't memorise any spells.
You knew the following spells:

 Your Spells              Type           Power      Damage    Failure   Level
b - Lesser Beckoning      Tloc           4%         N/A       32%         3
c - Gell's Gravitas       Tloc           4%         N/A       32%         3
d - Teleport Other        Tloc           9%         N/A       32%         3
e - Manifold Assault      Tloc           9%         N/A       96%         5
p - Blink                 Tloc           N/A        N/A       16%         2
w - Corona                Hex            10%        N/A       11%         1
Your spell library was empty.

Dungeon Overview and Level Annotations

Branches:
Dungeon (2/15)

Altars:


Innate Abilities, Weirdness & Mutations

You are immune to sickness and miasma.
You are immune to poison.
Your flesh is very heat resistant. (rF++)
You are vulnerable to cold. (rC-)
You float through the air rather than walking.
You learn spells naturally, not from books.
Your magical power is your life essence.
You have superior vitality. (+4 HP)


Message History

No target in view!
No target in view!
You start resting.
HP restored.
You fly downwards.
A bat comes into view.
The goblin barely misses you. The orc hits you with a +0 hand axe.
The bat closely misses you. The orc closely misses you.
The orc hits you but does no damage. The goblin hits you but does no damage.
The orc hits you but does no damage. The bat hits you but does no damage.
There is a stone staircase leading up here.
The bat barely misses you. The orc barely misses you.
The orc closely misses you. The goblin hits you with a +0 club.
The orc hits you but does no damage.
You fly upwards.
There is a stone staircase leading down here.
You hit the orc.
The orc is heavily wounded.
The bat completely misses you. The bat hits you but does no damage.
The orc barely misses you. The orc misses you. The goblin closely misses you.
The orc hits you with a +0 hand axe.
You hit the orc.
The orc is almost dead.
The bat closely misses you.
The orc hits you with a +1 vorpal hand axe.
* * * LOW HITPOINT WARNING * * *
The orc barely misses you. The goblin closely misses you.
The orc hits you with a +0 hand axe.
* * * LOW HITPOINT WARNING * * *
The orc hits you with a +1 vorpal hand axe.
* * * LOW HITPOINT WARNING * * *
* * * LOW HITPOINT WARNING * * *
The bat hits you but does no damage. The orc hits you with a +0 hand axe.
* * * LOW HITPOINT WARNING * * *
The bat barely misses you. The bat hits you but does no damage.
The orc hits you with a +0 flail!
* * * LOW HITPOINT WARNING * * *
The orc hits you but does no damage. The bat hits you.
You die...

....#.# #.#.##########
#####.###### #.#..........#
# #.......# #†#..#######.#
# #.......# #.#..#.....#.#
####.......###.#..#...#.#.#
................o>###.#.#.#
####.......#...#.o....#.#.#
####.......#...#bo##..#.#.#
......#.####...#@.#...#.#.#
#######.####...#..#..##.#.#
..................#.....#.#
.##........#...##.#######.#
.##........#...##.........#
.##........#...############
...........#...#
...........#####
.#.........#


You could see 3 orcs and a bat.

Vanquished Creatures
  A dart slug (D:1)
  An endoplasm (D:1)
  2 giant cockroaches (D:1)
  2 goblins (D:1)
  2 hobgoblins (D:1)
  A quokka (D:1)
  7 ball pythons (D:1)
  3 bats (D:1)
  A frilled lizard (D:1)
  3 kobolds (D:1)
  4 rats
27 creatures vanquished.

Notes
Turn   | Place    | Note
-------+----------+-------------------------------------------
     0 | D:1      | lunkers the Djinni Warper began the quest for the Orb.
     0 | D:1      | Reached XP level 1. HP: 18/18 MP: 0/0
   239 | D:1      | Reached XP level 2. HP: 15/23 MP: 0/0
   714 | D:1      | Reached skill level 3 in Unarmed Combat
  1426 | D:1      | Reached XP level 3. HP: 28/28 MP: 0/0
  1426 | D:1      | Learned a level 1 spell: Corona
  1643 | D:1      | Found a faded altar of an unknown god.
  1927 | D:1      | HP: 1/28 [orc (7)]
  1928 | D:1      | Slain by a bat

Illustrated notes

Levels and vault maps discovered:
D:1:      dpeg_arrival_tiny_i, layout_basic,
          dreamdust_ecumenical_altar_hidden_monk_grotto, minmay_heptomino_o4
D:2:      layout_basic, serial_bayou_pond_b, uniq_robin, uniq_jessica,
          uniq_terence

Skill      XL: |  1  2 |
---------------+-------+-----
Unarmed Combat | 3 |  3.5
Fighting       | |  2.0
Throwing       | |  0.7
Armour         | |  1.0
Dodging        | |  2.1
Spellcasting   | |  2.4

Action                   || total
-------------------------++-------
Melee: Unarmed           ||   123
       Punch             ||     1
 Cast: Corona            ||     3
Armor: Leather armour    ||    54
Dodge: Dodged            ||    82

Table legend: (Time is in decaauts)
 A = Elapsed time spent in this place.
 B = Non-inter-level travel time spent in this place.
 C = Inter-level travel time spent in this place.
 D = Time resting spent in this place.
 E = Time spent auto-exploring this place.
 F = Levels seen in this place.
 G = Mean time per level.
                   A        B        C        D        E       F      G
               +--------+--------+--------+--------+--------+-----+--------+
         Total |   1923 |   1907 |     16 |     13 |   1609 |   2 |  961.5 |
       Dungeon |   1923 |   1907 |     16 |     13 |   1609 |   2 |  961.5 |
               +--------+--------+--------+--------+--------+-----+--------+

Top non-repeatable levels by time:
     D:1: 1835 daAuts
     D:2: 87 daAuts
